Map: Old Estate

Players

экшн

  • Race: Zerg Zerg
  • Spawn Location: 3:00

perroloco

  • Race: Protoss Protoss
  • Spawn Location: 3:00

Juga

  • Race: Terran Terran
  • Spawn Location: 1:00

hamad

  • Race: Protoss Protoss
  • Spawn Location: 1:00

MooEsqoo

  • Race: Protoss Protoss
  • Spawn Location: 9:00

BITCOIN

  • Race: Zerg Zerg
  • Spawn Location: 7:00

Stocki

  • Race: Protoss Protoss
  • Spawn Location: 7:00

VipGodfather

  • Race: Terran Terran
  • Spawn Location: 7:00

VOD

Have the link to the VOD?

Description

Time

  • Played on: Nov. 26, 2019, 6:19 a.m.
  • Length: 14:53
Show
View Real Time Build Order
Export as new Build Order

экшн Zerg 

Build Orders: Pool First 

Get SALT Encoding   

  12  0:11  Drone  
  12  0:12  Drone  
  14  0:18  Overlord  
  14  0:33  Overlord  
  14  0:44  Drone x2  
  16  0:52  Spawning Pool  
  16  0:56  Extractor  
  14  0:59  Extractor, Drone  
  14  1:29  Drone  
  14  1:30  Drone x2  
  17  1:40  Queen  
  17  1:41  Drone  
  20  2:01  Hatchery  
  20  2:08  Drone x2  
  21  2:24  Overlord  
  21  2:29  Drone  
  22  2:33  Lair  
  22  3:02  Drone x2  
  22  3:04  Drone  
  25  3:08  Drone  
  25  3:11  Hatchery  
  25  3:12  Drone  
  26  3:15  Drone  
  27  3:26  Queen  
  29  3:42  Overlord  
  29  3:46  Spire  
  28  3:50  Drone x2  
  28  3:51  Drone  
  31  4:10  Spore Crawler  
  30  4:17  Drone x3  
  30  4:18  Drone x4, Spore Crawler  
  36  4:24  Extractor  
  36  4:25  Extractor  
  36  4:26  Drone  
  36  4:30  Queen  
  37  4:35  Drone  
  37  4:36  Drone  
  39  4:42  Overlord  
  39  4:48  Queen  
  41  4:58  Drone x3  
  44  5:11  Drone x3  
  47  5:18  Drone x6  
  47  5:19  Drone x2  
  55  5:28  Extractor, Drone x3  
  57  5:31  Extractor  
  57  5:35  Zerg Flyer Weapons Level 1  
  56  5:48  Mutalisk x3  
  62  5:50  Zergling x2, Infestation Pit  
  62  5:51  Zergling x2  
  62  5:52  Zergling x2  
  62  5:53  Zergling x2  
  65  6:12  Overlord x4  
  65  6:17  Drone  
  66  6:19  Overlord x2  
  66  6:31  Drone  
  67  6:50  Overseer  
  67  6:51  Hive  
  67  6:53  Metabolic Boost  
  67  6:59  Drone x3  
  67  7:00  Drone x3  
  73  7:04  Mutalisk x2  
  73  7:05  Mutalisk x4  
  85  7:29  Zerg Flyer Armor Level 1  
  85  7:33  Mutalisk x2  
  85  7:34  Mutalisk x6  
  101  7:37  Mutalisk  
  103  8:16  Mutalisk x3  
  103  8:17  Mutalisk  
  103  8:18  Mutalisk  
  113  8:20  Overlord  
  113  8:21  Overlord x3  
  113  8:38  Adrenal Glands  
  113  9:04  Mutalisk x3  
  113  9:05  Mutalisk x2  
  123  9:23  Zerg Flyer Weapons Level 2  
  99  9:52  Mutalisk x2  
  99  9:53  Mutalisk  
  105  10:03  Baneling Nest  
  105  10:04  Zergling x2  
  105  10:05  Nydus Network  
  104  10:10  Zergling x6  
  107  10:18  Drone x2  
  99  11:23  Zergling x10  
  104  11:26  Baneling x4  
  104  11:27  Baneling x6  
  104  11:28  Baneling x6  
  104  11:34  Centrifical Hooks  
  104  11:44  Mutalisk x4  
  104  11:45  Mutalisk  
  114  11:54  Zergling x10  
  119  12:11  Overseer  
  119  12:14  Overseer  
  119  12:25  Zergling x12  
  125  12:30  Zergling x8  
  125  12:31  Zergling x4  
  131  12:47  Baneling x4  
  131  12:48  Baneling x6  
  131  12:49  Baneling x2  
  131  12:52  Zergling x2  
  131  12:53  Zergling x2  
  131  12:55  Baneling x2  
  131  12:56  Baneling x6  
  131  12:57  Baneling x4  
  133  13:04  Zergling x8  
  133  13:05  Zergling x2  
  138  13:32  Nydus Canal  
  138  13:37  Zergling x4  
  138  13:38  Overlord x4  
  120  14:08  Zergling x8  
  120  14:09  Zergling x4  
  123  14:13  Zergling x12  
  126  14:30  Baneling x5  
  126  14:31  Baneling x6  
  126  14:32  Baneling  
  126  14:35  Zergling x4  
Show
View Real Time Build Order
Export as new Build Order

perroloco Protoss 

Build Orders: Nexus First 

Get SALT Encoding   

  12  0:06  Probe (Chrono Boost)  
  13  0:16  Probe (Chrono Boost)  
  14  0:21  Probe (Chrono Boost)  
  15  0:59  Nexus  
  15  1:10  Pylon  
  15  1:28  Probe (Chrono Boost)  
  17  1:40  Probe (Chrono Boost)  
  17  1:43  Gateway  
  17  1:44  Probe (Chrono Boost)  
  18  1:54  Probe  
  19  2:07  Probe  
  20  2:12  Probe  
  21  2:17  Assimilator  
  21  2:19  Probe  
  21  2:21  Assimilator  
  22  2:24  Probe  
  22  2:25  Pylon  
  22  2:27  Pylon  
  23  2:31  Cybernetics Core, Probe  
  23  2:36  Probe  
  25  2:40  Assimilator  
  25  2:44  Probe (Chrono Boost)  
  26  2:45  Assimilator  
  26  2:48  Probe (Chrono Boost)  
  29  3:00  Probe (Chrono Boost)  
  29  3:01  Probe (Chrono Boost)  
  29  3:05  Probe (Chrono Boost)  
  29  3:07  Probe (Chrono Boost)  
  31  3:19  Probe (Chrono Boost)  
  33  3:20  Probe (Chrono Boost)  
  33  3:24  Probe (Chrono Boost)  
  35  3:27  Probe (Chrono Boost)  
  36  3:38  Probe (Chrono Boost)  
  36  3:39  Probe (Chrono Boost)  
  37  3:44  Probe (Chrono Boost)  
  37  3:47  Stargate  
  38  3:53  Probe  
  31  4:07  Probe  
  31  4:11  Nexus  
  27  4:19  Probe  
  28  4:30  Phoenix (Chrono Boost)  
  30  4:32  Probe  
  31  4:46  Phoenix (Chrono Boost)  
  31  4:47  Probe  
  34  4:53  Assimilator  
  34  4:57  Assimilator  
  34  4:59  Probe  
  35  5:08  Fleet Beacon  
  35  5:11  Probe  
  35  5:13  Pylon  
  36  5:15  Pylon  
  36  5:18  Pylon  
  36  5:22  Stargate  
  36  5:23  Probe x2  
  38  5:28  Phoenix  
  40  5:35  Probe  
  40  5:36  Probe  
  40  5:37  Stargate  
  40  5:42  Probe  
  43  5:53  Probe  
  43  5:54  Probe (Chrono Boost)  
  46  6:06  Probe (Chrono Boost)  
  46  6:08  Probe (Chrono Boost)  
  48  6:11  Probe (Chrono Boost)  
  48  6:15  Probe (Chrono Boost)  
  48  6:18  Probe (Chrono Boost)  
  50  6:20  Probe  
  51  6:27  Probe  
  51  6:29  Protoss Air Weapons Level 1  
  52  6:33  Probe  
  53  6:41  Void Ray x3  
  53  6:45  Probe (Chrono Boost)  
  66  6:56  Probe (Chrono Boost)  
  66  6:58  Stargate  
  66  7:01  Probe (Chrono Boost)  
  67  7:03  Robotics Facility  
  67  7:06  Pylon  
  68  7:11  Probe  
  69  7:23  Probe  
  68  7:48  Void Ray x3  
  68  7:51  Observer  
  81  7:53  Nexus  
  64  9:09  Probe  
  65  9:32  Void Ray x4  
  79  9:40  Fleet Beacon  
  69  10:10  Nexus  
  69  10:14  Probe  
  70  10:24  Pylon  
  70  10:26  Probe  
  70  10:27  Pylon  
  71  10:29  Pylon  
  71  10:42  Probe  
  72  10:48  Nexus  
  72  10:57  Probe  
  73  11:02  Tempest  
  78  11:09  Probe  
  77  11:21  Probe  
  74  11:45  Nexus  
  74  12:12  Tempest  
  79  12:21  Probe  
  80  12:33  Probe  
  81  12:45  Probe  
  81  12:48  Probe  
  83  12:52  Tempest x2  
  83  12:58  Probe  
  94  13:00  Probe  
  95  13:10  Probe  
  95  13:12  Probe  
  97  13:22  Probe  
  99  13:34  Probe  
  99  13:37  Probe  
  99  13:40  Probe  
  101  13:44  Carrier  
  107  13:49  Probe  
  107  13:52  Probe  
  109  14:01  Probe  
  110  14:13  Probe  
  111  14:22  Probe  
  112  14:25  Probe  
  125  14:39  Pylon  
  125  14:41  Pylon  
  125  14:45  Pylon  
  125  14:50  Pylon  
Show
View Real Time Build Order
Export as new Build Order

Juga Terran 

Build Orders:  

Get SALT Encoding   

  12  0:05  SCV  
  13  0:42  Supply Depot  
  13  0:43  SCV  
  13  0:47  Refinery  
  14  0:55  SCV  
  15  1:08  SCV  
  16  1:18  Barracks  
  16  1:32  Command Center  
  16  1:34  Refinery  
  16  1:37  SCV  
  17  1:49  SCV  
  18  2:01  SCV  
  19  2:16  SCV  
  20  2:27  Factory  
  20  2:28  SCV  
  21  2:40  SCV  
  22  2:46  Orbital Command, Refinery  
  22  2:52  SCV  
  23  3:02  Supply Depot  
  23  3:04  SCV  
  24  3:14  Starport  
  24  3:17  Orbital Command  
  24  3:24  SCV  
  25  3:36  SCV  
  25  3:39  Starport  
  26  3:54  Refinery  
  26  3:59  Viking  
  28  4:17  Starport Tech Lab  
  28  4:24  Starport  
  28  4:27  Liberator  
  28  4:28  SCV  
  29  4:39  Starport Reactor  
  29  4:40  SCV  
  29  4:44  Liberator  
  33  4:51  Supply Depot  
  33  4:52  SCV  
  34  5:04  SCV  
  38  5:10  Liberator  
  38  5:16  SCV  
  38  5:21  Armory  
  42  5:28  SCV  
  42  5:35  Fusion Core  
  43  5:40  SCV  
  44  5:52  SCV  
  44  5:53  Starport Reactor  
  45  6:05  SCV  
  45  6:09  Armory  
  45  6:10  Terran Ship Weapons Level 1  
  46  6:17  SCV  
  46  6:18  Viking  
  49  6:19  Viking  
  51  6:29  SCV  
  52  6:37  Supply Depot  
  52  6:39  Viking  
  54  6:43  Advanced Ballistics  
  54  6:59  Viking x3  
  54  7:01  Supply Depot  
  60  7:19  Viking  
  60  7:22  Viking  
  64  7:24  Terran Vehicle And Ship Armor Level 1, Supply Depot  
  64  7:29  Viking x2  
  68  7:46  Supply Depot  
  68  7:55  Viking x3  
  74  8:57  Terran Ship Weapons Level 2  
  74  9:00  Viking x3  
  74  9:01  Viking x2  
  84  9:13  Supply Depot  
  84  9:30  Viking  
  86  9:34  Viking  
  86  9:35  Supply Depot  
  88  9:59  Supply Depot  
  88  10:22  Supply Depot  
  88  10:47  Viking  
  88  10:48  Viking x4  
  88  11:17  Viking  
  88  11:18  Viking x3  
  96  11:25  Viking  
  89  11:47  Viking  
  89  11:48  Viking x3  
  97  11:55  Viking  
  99  12:35  Command Center  
  67  13:38  Viking  
  67  13:39  Viking x4  
  76  14:08  Viking  
  76  14:09  Viking x2  
  80  14:23  Viking  
Show
View Real Time Build Order
Export as new Build Order

hamad Protoss 

Build Orders: Cannon Rush, Carriers 

Get SALT Encoding   

  12  0:37  Probe (Chrono Boost)  
  12  0:40  Pylon  
  13  0:43  Pylon  
  13  0:48  Probe (Chrono Boost)  
  14  0:52  Probe (Chrono Boost)  
  15  0:59  Forge  
  15  1:03  Probe  
  16  1:14  Pylon  
  16  1:15  Probe  
  17  1:34  Photon Cannon x2  
  17  1:40  Photon Cannon  
  17  1:52  Photon Cannon  
  17  2:01  Probe  
  18  2:04  Assimilator  
  18  2:08  Assimilator  
  18  2:13  Probe (Chrono Boost)  
  20  2:23  Probe (Chrono Boost)  
  20  2:28  Probe (Chrono Boost)  
  21  2:39  Probe  
  22  2:51  Probe  
  22  2:57  Nexus  
  23  3:06  Probe (Chrono Boost)  
  24  3:17  Probe (Chrono Boost)  
  25  3:22  Probe (Chrono Boost)  
  26  3:27  Gateway  
  26  3:32  Probe  
  27  3:44  Probe  
  28  3:56  Probe  
  28  3:57  Pylon  
  29  4:08  Probe  
  30  4:19  Photon Cannon  
  30  4:20  Probe  
  31  4:24  Probe  
  32  4:32  Probe  
  32  4:35  Assimilator  
  32  4:36  Probe  
  34  4:39  Assimilator  
  34  4:42  Cybernetics Core  
  34  4:44  Probe  
  35  4:50  Probe (Chrono Boost)  
  36  4:57  Pylon, Probe (Chrono Boost)  
  37  5:00  Pylon  
  37  5:06  Probe x2 (Chrono Boost)  
  39  5:11  Probe (Chrono Boost)  
  39  5:13  Probe  
  41  5:17  Pylon  
  41  5:22  Pylon  
  41  5:25  Probe (Chrono Boost)  
  41  5:26  Nexus  
  42  5:37  Probe (Chrono Boost)  
  43  5:44  Probe (Chrono Boost)  
  43  5:47  Stargate  
  43  5:48  Stargate  
  43  5:49  Probe (Chrono Boost)  
  45  5:50  Stargate  
  45  5:52  Stargate  
  45  5:56  Probe (Chrono Boost)  
  46  6:01  Probe (Chrono Boost)  
  46  6:03  Photon Cannon  
  47  6:05  Photon Cannon  
  47  6:06  Probe (Chrono Boost)  
  48  6:13  Protoss Ground Weapons Level 1  
  48  6:15  Probe  
  49  6:25  Protoss Air Weapons Level 1  
  49  6:27  Probe (Chrono Boost)  
  49  6:31  Probe (Chrono Boost)  
  51  6:39  Probe (Chrono Boost)  
  52  6:42  Probe (Chrono Boost)  
  54  6:47  Void Ray, Probe (Chrono Boost)  
  54  6:49  Probe (Chrono Boost)  
  60  6:54  Probe x2 (Chrono Boost)  
  60  6:55  Void Ray  
  65  7:02  Void Ray  
  65  7:06  Probe x2  
  71  7:09  Void Ray  
  75  7:31  Void Ray  
  79  7:37  Void Ray  
  83  7:44  Void Ray  
  87  8:22  Protoss Ground Armor Level 1  
  87  8:34  Protoss Air Armor Level 1  
  87  9:03  Void Ray  
  87  9:04  Void Ray x3  
  103  9:15  Assimilator  
  103  9:17  Pylon  
  103  9:18  Assimilator  
  103  9:20  Pylon  
  103  9:22  Pylon  
  103  9:39  Photon Cannon  
  103  9:41  Photon Cannon  
  103  9:45  Photon Cannon x2  
  103  9:46  Void Ray x2  
  103  9:47  Void Ray, Photon Cannon  
  115  10:01  Fleet Beacon  
  115  10:04  Void Ray, Robotics Facility  
  119  10:21  Stargate  
  119  10:25  Stargate  
  119  10:29  Void Ray x2  
  119  10:30  Photon Cannon  
  119  10:31  Protoss Shields Level 1  
  119  10:32  Photon Cannon  
  119  10:34  Photon Cannon  
  127  10:36  Photon Cannon  
  127  10:38  Shield Battery  
  127  10:39  Shield Battery  
  127  10:40  Void Ray  
  127  10:41  Pylon  
  131  10:43  Pylon  
  131  10:49  Anion Pulse-Crystals  
  131  10:58  Pylon  
  131  10:59  Void Ray, Pylon  
  131  11:01  Observer  
  131  11:03  Pylon  
  142  11:04  Pylon, Carrier  
  142  11:23  Carrier  
  148  12:06  Carrier x2  
  148  12:07  Carrier  
  166  12:27  Carrier  
  172  12:54  Carrier  
  178  13:03  Pylon  
  178  13:10  Pylon  
  178  13:13  Pylon  
  178  13:22  Carrier  
Show
View Real Time Build Order
Export as new Build Order

MooEsqoo Protoss 

Build Orders: Oracle Opening 

Get SALT Encoding   

  12  0:02  Probe  
  13  0:17  Pylon  
  13  0:31  Probe (Chrono Boost)  
  14  0:37  Gateway  
  14  0:40  Assimilator  
  14  0:43  Probe (Chrono Boost)  
  15  0:51  Probe (Chrono Boost)  
  15  0:54  Assimilator  
  16  0:57  Probe  
  17  1:09  Probe  
  18  1:17  Gateway  
  18  1:23  Probe  
  19  1:31  Cybernetics Core  
  19  1:35  Probe (Chrono Boost)  
  21  1:47  Probe (Chrono Boost)  
  21  1:54  Probe (Chrono Boost)  
  22  2:05  Pylon  
  22  2:09  Stargate  
  22  2:10  Warp Gate  
  22  2:21  Probe  
  23  2:25  Stalker  
  23  2:29  Stalker  
  27  2:42  Pylon  
  27  2:44  Probe  
  27  2:50  Oracle (Chrono Boost)  
  31  2:59  Stalker  
  33  3:06  Stalker  
  33  3:10  Probe  
  36  3:29  Stalker  
  38  3:42  Pylon  
  38  3:44  Pylon  
  38  4:00  Stalker  
  40  4:23  Nexus  
  40  4:27  Probe  
  40  4:29  Oracle  
  44  4:32  Stalker  
  46  4:39  Robotics Facility  
  46  4:42  Gateway  
  46  4:50  Stalker  
  48  5:04  Stalker  
  50  5:12  Oracle  
  53  5:39  Fleet Beacon  
  53  5:45  Stalker  
  55  6:04  Assimilator  
  55  6:05  Probe  
  55  6:08  Assimilator  
  56  6:12  Probe  
  56  6:18  Probe  
  58  6:24  Probe  
  59  6:30  Probe  
  60  6:47  Void Ray  
  60  6:53  Probe x2  
  66  7:05  Probe x2  
  68  7:17  Probe  
  69  7:32  Pylon  
  69  7:34  Pylon  
  69  7:36  Pylon  
  69  7:38  Pylon  
  69  7:50  Carrier  
  74  8:35  Stargate  
  74  8:36  Stargate  
  74  8:39  Stargate  
  74  8:48  Probe  
  74  8:49  Probe  
  76  8:57  Immortal  
  76  9:01  Probe x2  
  76  9:02  Phoenix  
  84  9:19  Phoenix  
  84  9:20  Phoenix  
  84  9:22  Phoenix  
  86  9:50  Shield Battery  
  85  9:54  Shield Battery  
  85  9:56  Shield Battery  
  85  10:26  Pylon  
  85  10:28  Pylon  
  85  10:30  Pylon  
  85  10:32  Pylon  
  85  10:33  Pylon  
  85  10:44  Phoenix  
  85  10:46  Void Ray, Phoenix x2  
  95  10:52  Stalker  
  95  10:53  Stalker  
  48  11:31  Phoenix x2  
  42  12:56  Stalker  
  42  12:57  Stalker x2  
  44  13:07  Phoenix  
  44  13:08  Phoenix  
  45  13:41  Stalker x2  
  47  13:42  Stalker  
  51  14:05  Stalker x2  
  51  14:06  Stalker  
Show
View Real Time Build Order
Export as new Build Order

BITCOIN Zerg 

Build Orders: Pool First, Swarm Host 

Get SALT Encoding   

  12  0:02  Drone  
  13  0:09  Drone  
  14  0:16  Extractor  
  13  0:22  Overlord  
  13  0:27  Drone  
  14  0:31  Extractor  
  14  0:32  Drone  
  14  0:43  Drone  
  14  0:49  Drone  
  16  0:56  Drone  
  17  1:07  Drone  
  18  1:18  Spawning Pool  
  18  1:19  Drone  
  18  1:29  Drone  
  19  1:41  Drone  
  20  1:59  Hatchery  
  19  2:08  Drone x2  
  21  2:13  Drone  
  22  2:24  Overlord  
  22  2:41  Queen  
  22  2:43  Drone x2  
  26  2:56  Drone  
  27  3:10  Queen  
  29  3:13  Drone  
  29  3:14  Drone  
  31  3:20  Lair  
  31  3:22  Drone x2  
  31  3:26  Extractor  
  32  3:28  Extractor  
  31  4:00  Drone x5  
  36  4:05  Overlord  
  36  4:09  Overlord  
  36  4:11  Overlord  
  36  4:14  Pneumatized Carapace  
  36  4:22  Infestation Pit  
  35  4:27  Drone x3  
  38  4:32  Nydus Network x2  
  38  4:34  Drone  
  38  4:35  Drone x4  
  41  4:56  Drone x3  
  41  4:57  Drone x3  
  47  5:02  Swarm Host x2  
  53  5:10  Overlord  
  53  5:13  Overlord  
  53  5:17  Overlord  
  53  5:24  Drone  
  53  5:25  Swarm Host x2  
  60  5:31  Swarm Host  
  60  5:32  Swarm Host  
  60  5:34  Swarm Host  
  69  5:39  Swarm Host  
  69  5:42  Swarm Host  
  75  5:45  Swarm Host  
  75  5:48  Swarm Host  
  81  5:51  Swarm Host  
  84  5:57  Overlord  
  84  5:59  Overlord  
  84  6:11  Overlord x2  
  84  6:12  Overlord x2  
  84  6:40  Swarm Host  
  84  6:41  Swarm Host x6  
  84  6:42  Swarm Host x2  
  111  6:50  Nydus Canal  
  111  6:51  Nydus Canal  
  111  7:00  Spore Crawler  
  110  7:02  Drone x4, Spore Crawler  
  110  7:03  Spore Crawler  
  112  7:35  Swarm Host  
  115  7:38  Overlord x5  
  115  7:49  Nydus Canal x2  
  115  8:02  Swarm Host x3  
  115  8:03  Swarm Host x4  
  136  8:22  Nydus Canal x2  
  133  8:54  Swarm Host x4  
  133  8:55  Swarm Host  
  148  8:57  Nydus Canal  
  148  8:58  Nydus Canal  
  148  9:02  Overlord x2  
  148  9:03  Overlord x4  
  148  9:07  Overlord  
  148  9:12  Nydus Canal  
  148  9:13  Nydus Canal  
  148  10:17  Nydus Canal x2  
  148  10:40  Queen  
  147  10:49  Spine Crawler, Spore Crawler x2  
  144  10:50  Spine Crawler  
  143  10:59  Spine Crawler  
  143  11:00  Spore Crawler  
  143  11:01  Spore Crawler  
  143  11:02  Spore Crawler x2  
  138  11:06  Spore Crawler  
  138  11:09  Spore Crawler  
  136  11:14  Overlord  
  136  11:16  Nydus Canal  
  136  11:18  Nydus Canal  
  136  11:26  Swarm Host  
  136  11:27  Swarm Host x5  
  136  11:30  Nydus Canal  
  154  11:36  Nydus Canal  
  154  11:44  Nydus Canal  
  154  11:59  Nydus Canal  
  154  12:11  Nydus Canal  
  154  12:13  Nydus Canal  
  145  12:51  Overlord  
  145  12:52  Overlord  
  134  13:38  Nydus Canal  
  134  13:39  Nydus Canal  
  107  14:15  Swarm Host x7  
  107  14:16  Swarm Host x7  
  107  14:17  Swarm Host  
  146  14:32  Overlord x2  
  146  14:33  Overlord  
Show
View Real Time Build Order
Export as new Build Order

Stocki Protoss 

Build Orders: Cannon Rush 

Get SALT Encoding   

  12  0:02  Probe (Chrono Boost)  
  13  0:12  Probe (Chrono Boost)  
  14  0:23  Probe  
  15  0:30  Pylon  
  15  0:54  Forge  
  15  0:55  Gateway  
  15  0:59  Probe (Chrono Boost)  
  17  1:11  Probe (Chrono Boost)  
  17  1:19  Probe (Chrono Boost)  
  18  1:29  Photon Cannon  
  18  1:35  Photon Cannon  
  18  1:40  Pylon  
  18  1:46  Photon Cannon  
  18  2:08  Nexus  
  18  2:09  Probe (Chrono Boost)  
  19  2:18  Probe (Chrono Boost)  
  20  2:23  Probe (Chrono Boost), Assimilator  
  20  2:26  Assimilator  
  21  2:34  Assimilator  
  21  2:38  Probe  
  21  2:39  Assimilator  
  22  2:50  Probe  
  23  3:02  Probe  
  24  3:14  Probe (Chrono Boost)  
  24  3:16  Pylon  
  25  3:24  Probe (Chrono Boost)  
  26  3:29  Probe (Chrono Boost)  
  27  3:35  Cybernetics Core  
  27  3:41  Probe, Cybernetics Core  
  28  3:48  Pylon  
  28  3:55  Pylon  
  28  3:58  Probe (Chrono Boost)  
  29  4:08  Probe (Chrono Boost)  
  31  4:11  Probe (Chrono Boost)  
  32  4:17  Probe (Chrono Boost)  
  32  4:20  Probe (Chrono Boost)  
  33  4:26  Probe (Chrono Boost)  
  33  4:27  Probe (Chrono Boost)  
  35  4:37  Probe (Chrono Boost)  
  37  4:40  Probe (Chrono Boost)  
  37  4:45  Probe (Chrono Boost)  
  38  4:48  Stargate, Probe (Chrono Boost)  
  38  4:51  Stargate  
  39  4:55  Probe  
  39  4:58  Probe  
  41  5:07  Probe  
  41  5:10  Probe  
  43  5:19  Nexus  
  43  5:21  Probe (Chrono Boost)  
  44  5:23  Probe (Chrono Boost)  
  44  5:25  Assimilator  
  45  5:30  Assimilator  
  45  5:35  Probe (Chrono Boost)  
  47  5:37  Probe (Chrono Boost)  
  47  5:40  Probe (Chrono Boost)  
  48  5:44  Fleet Beacon, Probe  
  48  5:46  Twilight Council  
  49  12:01  Probe (Chrono Boost)  
  50  12:06  Probe (Chrono Boost)  
  51  12:11  Probe (Chrono Boost)  
  51  12:14  Probe (Chrono Boost)  
  53  12:17  Probe (Chrono Boost)  
  53  12:19  Probe (Chrono Boost)  
  55  12:27  Probe  
  55  12:28  Stargate  
  56  12:30  Probe  
  56  12:31  Stargate  
  56  12:33  Pylon  
  56  12:35  Stargate  
  57  12:38  Pylon x2  
  57  12:39  Pylon, Probe  
  57  12:43  Pylon, Probe  
  59  12:44  Pylon  
  59  13:04  Carrier (Chrono Boost)  
  59  13:10  Carrier (Chrono Boost)  
  71  13:14  Carrier (Chrono Boost)  
  71  13:15  Carrier (Chrono Boost)  
  89  13:20  Carrier (Chrono Boost)  
  89  13:41  Stargate  
  89  13:44  Stargate  
  89  13:47  Stargate  
  86  13:49  Stargate  
Show
View Real Time Build Order
Export as new Build Order

VipGodfather Terran 

Build Orders:  

Get SALT Encoding   

  12  0:09  SCV  
  13  0:24  Supply Depot  
  13  0:31  SCV  
  14  0:43  SCV  
  15  0:50  Barracks  
  15  0:55  SCV  
  16  1:06  Refinery  
  16  1:08  SCV  
  17  1:20  SCV  
  17  1:23  Supply Depot  
  18  1:32  SCV  
  19  1:44  SCV  
  20  1:48  Command Center  
  20  1:58  SCV, Refinery  
  21  2:11  SCV  
  22  2:25  SCV  
  22  2:26  Bunker  
  23  2:32  Marine  
  24  2:37  SCV  
  25  2:47  Factory  
  25  2:50  Marine  
  26  3:02  Bunker  
  26  3:08  Marine  
  26  3:11  Orbital Command  
  27  3:15  SCV  
  27  3:16  Bunker  
  28  3:26  Marine  
  29  3:28  SCV  
  30  3:40  Engineering Bay  
  30  3:44  Marine  
  30  3:48  Starport  
  31  3:51  Bunker  
  31  3:59  SCV, Bunker  
  31  4:02  Marine  
  33  4:11  SCV  
  34  4:19  Marine  
  34  4:23  Starport  
  35  4:34  Starport Tech Lab  
  35  4:37  Armory  
  35  4:42  SCV  
  36  4:48  Missile Turret  
  36  4:54  SCV  
  36  4:55  Refinery  
  37  5:04  Command Center  
  37  5:06  SCV, Starport Tech Lab  
  38  5:15  Starport  
  38  5:18  SCV, Marine  
  40  5:30  SCV  
  41  5:36  Marine  
  41  5:38  Missile Turret  
  42  5:43  SCV  
  42  5:46  Hyperflight Rotors  
  42  5:47  Starport  
  42  5:49  Cloaking Field  
  43  5:54  Marine  
  43  5:55  SCV  
  45  6:07  Orbital Command  
  45  6:18  Supply Depot  
  45  6:22  Starport Tech Lab  
  45  6:27  Terran Vehicle And Ship Armor Level 1  
  45  6:33  Starport Tech Lab  
  45  6:37  Starport  
  45  6:40  Supply Depot  
  45  6:41  Banshee x2  
  51  6:49  Banshee  
  54  6:55  Neosteel Armor  
  54  7:03  Supply Depot  
  54  7:17  Missile Turret  
  54  7:21  Missile Turret  
  54  7:25  Supply Depot  
  54  7:35  Missile Turret  
  54  7:37  Missile Turret  
  54  7:41  SCV  
  54  7:42  Missile Turret x2  
  55  7:48  Supply Depot  
  55  7:56  Missile Turret, Banshee x2  
  61  8:02  Missile Turret  
  61  8:10  Supply Depot  
  61  8:11  Banshee x2  
  67  8:29  Missile Turret  
  67  8:35  Hi-Sec Auto Tracking  
  67  8:36  SCV, Missile Turret  
  67  8:41  Banshee  
  71  8:42  Starport Tech Lab  
  71  8:48  SCV  
  71  8:49  Missile Turret  
  71  8:50  Missile Turret  
  71  8:55  Refinery  
  72  8:56  Missile Turret  
  72  8:59  Refinery  
  72  9:00  SCV x2  
  74  9:10  Terran Ship Weapons Level 1, Missile Turret  
  74  9:12  SCV  
  74  9:15  Missile Turret  
  75  9:24  SCV  
  75  9:25  Refinery  
  76  9:33  Missile Turret  
  76  9:41  Banshee  
  76  9:42  Banshee  
  82  9:49  Missile Turret  
  82  9:50  SCV  
  83  9:54  Banshee  
  83  9:55  Banshee  
  89  10:02  SCV  
  90  10:09  Missile Turret  
  90  10:14  Banshee  
  90  10:20  SCV  
  94  10:29  Missile Turret  
  94  10:51  Missile Turret  
  94  11:04  Terran Vehicle And Ship Armor Level 2  
  94  11:11  Missile Turret  
  94  11:33  Missile Turret  
  67  12:12  Missile Turret  
  67  12:19  Fusion Core  
  67  12:23  Sensor Tower  
  67  12:32  Banshee x5  
  67  12:35  Missile Turret  
  82  13:14  Banshee  
  82  13:15  Banshee x4  
  88  13:57  Banshee x2  
  88  13:58  Banshee x3  
Tags
 
Add a new tag
Caveats
  • Supply blocks, unpowered buildings, or Contaminate may cause inaccurate times.
  • Supply counts are checked every 10 seconds.